 Dungeon Crawl Stone Soup version 0.27.0-1-g7a089689b8 (webtiles) character file.

Game seed: 5655586109832152307

65 sanka the Shield-Bearer (level 4, -1/35 HPs)
             Began as a Djinni Fighter on Aug 5, 2021.
             Slain by Natasha (4 damage)
             ... on level 2 of the Dungeon.
             The game lasted 00:01:55 (1886 turns).

sanka the Shield-Bearer (Djinni Fighter)            Turns: 1886, Time: 00:01:55

Health: -1/35      AC:  6    Str: 15    XL:     4   Next: 35%
Gold:   108        EV:  6    Int: 10    God:
                   SH:  8    Dex: 13

rFire    + + .     SeeInvis .   a - +0 long sword
rCold    x . .     Faith    .   c - +0 kite shield
rNeg     . . .     Spirit   .   b - +0 scale mail
rPois    ∞         Reflect  .   (no helmet)
rElec    .         Harm     .   (no cloak)
rCorr    .         Rampage  .   (no gloves)
Will     .....                  (boots unavailable)
Stlth    ..........             (no amulet)
HPRegen  0.11/turn              (no ring)
MPRegen  0.00/turn              (no ring)

@: flying, slowed, very slow
A: sickness immunity, fire resistance 2, cold vulnerability 1, float, innate
caster, hp casting, extra vitality 1
a: no special abilities


You were on level 2 of the Dungeon.
You visited 1 branch of the dungeon, and saw 3 of its levels.

You collected 108 gold pieces.


Innate Abilities, Weirdness & Mutations

You are immune to sickness and miasma.
You are immune to poison.
Your flesh is very heat resistant. (rF++)
You are vulnerable to cold. (rC-)
You float through the air rather than walking.
You learn spells naturally, not from books.
Your magical power is your life essence.
You have superior vitality. (+4 HP)


   Skills:
 - Level 3.0 Fighting
 - Level 2.0 Long Blades
 - Level 3.0 Armour
 - Level 3.0 Shields
 + Level 2.6 Spellcasting


You had 7 spell levels left.
You knew the following spells:

 Your Spells              Type           Power      Damage    Failure   Level
z - Beastly Appendage     Tmut           12%        N/A       87%         1
Your spell library was empty.

Inventory:

Hand Weapons
 a - a +0 long sword (weapon)
Missiles
 k - 12 poisoned darts
Armour
 b - a +0 scale mail (worn)
 c - a +0 kite shield (worn)
 e - a +0 robe
Scrolls
 f - 2 scrolls of fear {unknown}
 g - a scroll of enchant weapon {unknown}
 h - 2 scrolls of enchant armour {unknown}
 i - a scroll of magic mapping {unknown}
 l - 2 scrolls of identify {unknown}
 n - a scroll of immolation {unknown}
Potions
 d - 3 potions of might
 j - a potion of attraction {unknown}
 m - a potion of ambrosia {unknown}
 o - a potion of curing {unknown}
 p - a potion of brilliance {unknown}
 q - a potion of haste {unknown}

Dungeon Overview and Level Annotations

Branches:
Dungeon (3/15)

Altars:

Annotations:
D:2 Natasha

▒..▒▒..............
▒▒▒..................
.....................
.....................
.▒▒.▒.▒▒▒▒.......... ▒▒.
.▒▒÷▒.▒▒..........▒▒▒▒...
▒▒▒...▒▒.▒▒.....▒.......
▒▒.▒▒▒........5h...▒..
▒▒......▒▒▒▒....R...▒.▒ ▒..
.......▒▒▒▒..▒.▒...▒▒.▒▒▒▒....
............▒▒.......>..▒.....
.....▒ ▒▒▒▒▒▒▒▒▒.÷........▒..
.<.▒▒▒ ▒▒▒.....÷...▒▒.....▒
.▒▒▒▒▒▒▒▒▒...............▒..▒ ▒
....................)......▒▒ .▒
▒▒▒▒▒▒.....▒.▒▒.........▒...▒ ..▒
....▒▒.▒▒▒▒..▒▒▒▒▒.▒▒▒....▒.▒▒..▒


You could see Natasha and a white imp (summoned).


Message History

* * * LOW HITPOINT WARNING * * *
Natasha stares at you and mumbles some strange words.
The magic dart hits you.
* * * LOW HITPOINT WARNING * * *
Unknown command.
You closely miss Natasha.
Natasha is moderately wounded.
Natasha claws you.
* * * LOW HITPOINT WARNING * * *
Natasha casts a spell at you. You resist with some effort.
Unknown command.
You closely miss Natasha.
Natasha is moderately wounded.
Natasha barely misses you.
You riposte.
You closely miss Natasha.
Natasha is moderately wounded.
Natasha mumbles some strange words.
Unknown command.
You hit Natasha.
Natasha is severely wounded.
Natasha claws you.
* * * LOW HITPOINT WARNING * * *
Natasha growls.
Natasha stares at you and mumbles some strange words.
The magic dart hits you!
* * * LOW HITPOINT WARNING * * *
Natasha claws you.
You die...

Action                   |  1- 3 |  4- 6 || total
-------------------------+-------+-------++-------
Melee: Long sword        |    76 |    34 ||   110
Armor: Scale mail        |    39 |    29 ||    68
Dodge: Dodged            |    24 |    10 ||    34
Block: Kite shield       |    39 |    23 ||    62
       Rpst.: Long sword |     9 |     4 ||    13

Levels and vault maps discovered:
D:1:      onia_arrival_pyramid, layout_basic, serial_rivers,
          chequers_serial_rivers_small_3, chequers_serial_rivers_room_a,
          chequers_serial_rivers_room_b, chequers_serial_rivers_large_a,
          chequers_serial_rivers_small_3, chequers_serial_rivers_small_b,
          minmay_pentomino_z2
D:2:      layout_rooms, chequers_ecumenical_altar_simple_redux, uniq_natasha,
          uniq_sigmund
D:3:      layout_basic, serial_corexii_hall, corexii_hall_statues_l,
          corexii_hall_statues_i, corexii_hall_statues_l

Notes
Turn   | Place    | Note
-------+----------+-------------------------------------------
     0 | D:1      | sanka the Djinni Fighter began the quest for the Orb.
     0 | D:1      | Reached XP level 1. HP: 20/20 MP: 0/0
   238 | D:1      | Reached skill level 2 in Long Blades
   783 | D:2      | Noticed Natasha
   911 | D:2      | Reached XP level 2. HP: 25/25 MP: 0/0
   918 | D:2      | Reached skill level 1 in Spellcasting
  1294 | D:2      | Noticed a crimson imp
  1297 | D:2      | Killed Natasha
  1298 | D:2      | Reached skill level 2 in Spellcasting
  1298 | D:2      | Reached XP level 3. HP: 18/30 MP: 0/0
  1298 | D:2      | Learned a level 1 spell: Beastly Appendage
  1441 | D:2      | Reached XP level 4. HP: 31/35 MP: 0/0
  1568 | D:2      | You are sucked into a shaft and drop 1 floor!
  1877 | D:2      | Noticed Natasha
  1886 | D:2      | HP: 3/35 [Natasha/magic dart (7)]
  1886 | D:2      | Slain by Natasha

Vanquished Creatures
  Natasha (D:2)
  An adder (D:2)
  A worm (D:2)
  A dart slug (D:2)
  2 endoplasms (D:2)
  A goblin (D:3)
  4 hobgoblins
  3 jackals (D:2)
  2 kobolds
  A quokka (D:2)
  A ball python (D:1)
  3 bats
  3 frilled lizards
  4 rats
28 creatures vanquished.
